 Dungeon Crawl Stone Soup version 0.29.1-15-g9cfb28693d (webtiles) character file.

Game seed: 1265922877875342441

406 Ast3rio the Chopper (level 6, 0/53 HPs)
             Began as a Gnoll Cinder Acolyte on Mar 9, 2023.
             Was an Elder of Ignis.
             Slain by an orc
             ... wielding a +0 trident
              (6 damage)
             ... on level 4 of the Dungeon.
             The game lasted 00:07:35 (3726 turns).

Ast3rio the Chopper (Gnoll Cinder Acolyte)          Turns: 3726, Time: 00:07:36

Health: 0/53       AC:  2    Str: 15    XL:     6   Next: 87%
Magic:  9/11       EV: 12    Int: 13    God:    Ignis [****..]
Gold:   161        SH:  0    Dex: 14    Spells: 10/12 levels left

rFire   + . .      SeeInvis .   d - +1 short sword (venom)
rCold   . . .      Faith    .   (no shield)
rNeg    . . .      Spirit   .   b - +0 robe
rPois   .          Reflect  .   (no helmet)
rElec   .          Harm     .   (no cloak)
rCorr   .          Rampage  .   (no gloves)
Will    .....                   (no boots)
Stlth   ++........              (no amulet)
HPRegen 0.17/turn               n - +6 ring of dexterity
MPRegen 0.12/turn               (no ring)

@: no status effects
A: fangs 1, strong nose, distributed training
a: Renounce Religion, Fiery Armour, Foxfire Swarm, Rising Flame


You were on level 4 of the Dungeon.
You worshipped Ignis.
Ignis was greatly pleased with you.
You visited 1 branch of the dungeon, and saw 4 of its levels.

You collected 161 gold pieces.

Inventory:

Hand Weapons
 a - a -1 hand axe of flaming
 d - a +1 short sword of venom (weapon)
Armour
 b - a +0 robe (worn)
Magical Staves
 g - a staff of air
Jewellery
 n - a +6 ring of dexterity (left hand)
Wands
 m - a wand of polymorph (11)
Scrolls
 f - a scroll of poison {unknown}
 i - a scroll of blinking {unknown}
 k - a scroll of magic mapping {unknown}
 l - 2 scrolls of identify {unknown}
 o - a scroll of enchant armour {unknown}
 p - a scroll of acquirement {unknown}
 q - a scroll of noise {unknown}
 t - a scroll of teleportation {unknown}
 v - a scroll of enchant weapon {unknown}
 w - a scroll of fog {unknown}
 x - a scroll of vulnerability {unknown}
Potions
 c - 2 potions of flight {unknown}
 e - 3 potions of heal wounds {unknown}
 h - 4 potions of mutation {unknown}
 j - a potion of brilliance {unknown}
 r - 3 potions of lignification {unknown}
 s - a potion of attraction {unknown}
 u - a potion of curing {unknown}
 z - a potion of degeneration {unknown}


   Skills:
 + Level 6.9 Fighting
 + Level 2.2 Short Blades
 + Level 2.2 Long Blades
 + Level 6.9 Axes
 + Level 2.2 Maces & Flails
 + Level 2.2 Polearms
 + Level 2.2 Staves
 + Level 2.2 Ranged Weapons
 + Level 2.2 Throwing
 + Level 2.2 Armour
 + Level 2.2 Dodging
 + Level 2.2 Stealth
 + Level 2.2 Shields
 + Level 2.2 Unarmed Combat
 + Level 3.6 Spellcasting
 + Level 1.8 Conjurations
 + Level 1.8 Hexes
 + Level 1.8 Summonings
 + Level 1.8 Necromancy
 + Level 1.8 Translocations
 + Level 1.8 Transmutations
 + Level 5.7 Fire Magic
 + Level 1.8 Ice Magic
 + Level 1.8 Air Magic
 + Level 1.8 Earth Magic
 + Level 1.8 Poison Magic
 + Level 2.5 Invocations
 + Level 2.2 Evocations


You had 10 spell levels left.
You knew the following spells:

 Your Spells              Type           Power      Damage    Failure   Level
a - Scorch                Fire           34%        2d6       3%          2

Your spell library contained the following spells:

 Spells                   Type           Power      Damage    Failure   Level
 Beastly Appendage        Tmut           14%        N/A       11%         1
 Magic Dart               Conj           28%        1d4       11%         1
 Call Imp                 Summ           7%         N/A       16%         2
 Wereblood                Tmut           7%         N/A       16%         2
 Mephitic Cloud           Conj/Pois/Air  7%         N/A       30%         3
 Spider Form              Tmut/Pois      7%         N/A       30%         3
 Tukima's Dance           Hex            7%         N/A       30%         3
 Hailstorm                Conj/Ice       7%         3d4       71%         4
 Ice Form                 Ice/Tmut       7%         N/A       71%         4
 Passage of Golubria      Tloc           7%         N/A       71%         4
 Yara's Violent Unravell  Hex/Tmut       3%         3d4       96%         5
 Simulacrum               Ice/Necr       3%         N/A       100%        6


Dungeon Overview and Level Annotations

Branches:
Dungeon (4/15)
 Temple: D:4-7

Altars:

Annotations:
D:4 2 transporters, UCchamp's ghost, novice MeFi


Innate Abilities, Weirdness & Mutations

You have very sharp teeth.
Your uncanny sense of smell can sniff out nearby items.
Your experience applies equally to all skills.


Message History

Deactivating autopickup; reactivate with Ctrl-A.
The orc hits you with a +0 club. The phantom closely misses you.
You closely miss the phantom.
The phantom is almost destroyed.
The orc barely misses you. The phantom barely misses you. The orc misses you.
The orc hits you with a +0 club.
You hit the phantom.
You destroy the phantom!
The orc closely misses you. x2; The orc barely misses you.
The orc misses you.
You hit the orc.
The orc is almost dead.
The orc hits you with a +0 whip. The orc misses you.
The orc closely misses you.
Activating: Foxfire Swarm
Press: ? - help, Dir - look around, f - activate Flames leap up around you!
The orc misses you. The orc closely misses you.
The orc hits you with a +0 club.
The orc hits you from afar with a +0 trident.
* * * LOW HITPOINT WARNING * * *
You are too injured to fight recklessly!
You are too injured to fight recklessly!
You are too injured to fight recklessly!
You barely miss the orc.
The foxfire hits something. x2
The foxfire hits the orc.
The orc is severely wounded.
The foxfire hits the orc.
You kill the orc!
The foxfire hits the orc but does no damage.
The foxfire hits something.
The orc hits you but does no damage.
You hear some strange, mumbled words.
A puff of flame appears from out of thin air!
The puff of flame hits you. You resist.
* * * LOW HITPOINT WARNING * * *
The orc misses you. The orc hits you with a +0 whip.
* * * LOW HITPOINT WARNING * * *
Activating: Foxfire Swarm
Press: ? - help, Dir - look around, f - activate Flames leap up around you!
The orc closely misses you.
The orc hits you from afar with a +0 trident.
You die...

##########
#.oo@vv..#
#.oo{vv..#
.....voovv..#
####........#
#........#
#........#
#........#
##<#######
#### ##.#


You could see 6 orcs.

Vanquished Creatures
  A phantom (D:4)
  2 scorpions (D:4)
  A howler monkey (D:4)
  A hound (D:4)
  An orc priest (D:4)
  5 adders
  3 worms
  2 dart slugs (D:1)
  7 orcs
  3 ball pythons
  6 bats
  7 endoplasms
  A giant cockroach (D:1)
  A goblin (D:2)
  7 hobgoblins
  2 quokkas
  3 frilled lizards
  8 kobolds
  2 rats
63 creatures vanquished.

Vanquished Creatures (others)
  12 foxfires (D:4)
12 creatures vanquished.

Grand Total: 75 creatures vanquished

Notes
Turn   | Place    | Note
-------+----------+-------------------------------------------
     0 | D:1      | Ast3rio the Gnoll Cinder Acolyte began the quest for the
                  | Orb.
     0 | D:1      | Reached XP level 1. HP: 23/23 MP: 4/4
    43 | D:1      | Reached XP level 2. HP: 29/29 MP: 5/5
   419 | D:1      | Reached XP level 3. HP: 35/35 MP: 7/7
   422 | D:1      | Learned a level 2 spell: Scorch
  1005 | D:2      | Reached skill level 1 in Invocations
  1454 | D:2      | Reached skill level 1 in Short Blades
  1454 | D:2      | Reached skill level 1 in Long Blades
  1454 | D:2      | Reached skill level 1 in Maces & Flails
  1454 | D:2      | Reached skill level 1 in Polearms
  1454 | D:2      | Reached skill level 1 in Staves
  1454 | D:2      | Reached skill level 1 in Ranged Weapons
  1454 | D:2      | Reached skill level 1 in Throwing
  1454 | D:2      | Reached skill level 1 in Armour
  1454 | D:2      | Reached skill level 1 in Dodging
  1454 | D:2      | Reached skill level 1 in Stealth
  1454 | D:2      | Reached skill level 1 in Shields
  1454 | D:2      | Reached skill level 1 in Unarmed Combat
  1454 | D:2      | Reached skill level 1 in Evocations
  1653 | D:2      | Found a faded altar of an unknown god.
  2407 | D:3      | Reached XP level 4. HP: 41/41 MP: 1/8
  2606 | D:3      | Reached skill level 1 in Conjurations
  2606 | D:3      | Reached skill level 1 in Hexes
  2606 | D:3      | Reached skill level 1 in Summonings
  2606 | D:3      | Reached skill level 1 in Necromancy
  2606 | D:3      | Reached skill level 1 in Translocations
  2606 | D:3      | Reached skill level 1 in Transmutations
  2606 | D:3      | Reached skill level 1 in Ice Magic
  2606 | D:3      | Reached skill level 1 in Air Magic
  2606 | D:3      | Reached skill level 1 in Earth Magic
  2606 | D:3      | Reached skill level 1 in Poison Magic
  3048 | D:4      | Noticed a scorpion
  3051 | D:4      | Reached XP level 5. HP: 40/47 MP: 4/9
  3066 | D:4      | HP: 2/47 [poisoned by an adder]
  3119 | D:4      | Reached XP level 6. HP: 10/53 MP: 3/11
  3569 | D:4      | Found a transporter.
  3572 | D:4      | Found a transporter.
  3572 | D:4      | Noticed UCchamp's ghost (novice MeFi)
  3726 | D:4      | Slain by an orc

Illustrated notes

Levels and vault maps discovered:
D:1:      mrwooster_arrival_statue, layout_basic
D:2:      layout_loops_ring, ebering_ecumenical_altar_abandoned,
          minmay_split_cup_large
D:3:      layout_rooms, kennysheep_generic_room_10
D:4:      layout_rooms, mainiacjoe_overflow_surrounded_room, lemuel_round_altar,
          gammafunk_ghost_arena

Skill      XL: |  1  2  3  4  5  6 |
---------------+-------------------+-----
Invocations    | 1 2 |  2.5
Short Blades   | 1 2 |  2.2
Long Blades    | 1 2 |  2.2
Maces & Flails | 1 2 |  2.2
Polearms       | 1 2 |  2.2
Staves         | 1 2 |  2.2
Ranged Weapons | 1 2 |  2.2
Throwing       | 1 2 |  2.2
Armour         | 1 2 |  2.2
Dodging        | 1 2 |  2.2
Stealth        | 1 2 |  2.2
Shields        | 1 2 |  2.2
Unarmed Combat | 1 2 |  2.2
Evocations     | 1 2 |  2.2
Spellcasting   | 3 |  3.6
Conjurations   | 1 |  1.8
Hexes          | 1 |  1.8
Summonings     | 1 |  1.8
Necromancy     | 1 |  1.8
Translocations | 1 |  1.8
Transmutations | 1 |  1.8
Ice Magic      | 1 |  1.8
Air Magic      | 1 |  1.8
Earth Magic    | 1 |  1.8
Poison Magic   | 1 |  1.8
Fighting       | |  6.9
Axes           | |  6.9
Fire Magic     | |  5.7

Action                   |  1- 3 |  4- 6 || total
-------------------------+-------+-------++-------
Melee: Hand axe          |    53 |       ||    53
       Bite              |     7 |     4 ||    11
       Short sword       |    27 |    47 ||    74
       Punch             |       |     2 ||     2
 Cast: Scorch            |    14 |    22 ||    36
Invok: Foxfire Swarm     |       |     3 ||     3
Evoke: Wand              |       |     2 ||     2
 Stab: Sleeping          |     3 |       ||     3
Armor: Robe              |    15 |     7 ||    22
Dodge: Dodged            |    50 |    55 ||   105
